 Dungeon Crawl Stone Soup version 0.27.1-2-g3b301248ec (webtiles) character file.

Game seed: 699943110350251929

27 styxcanada the Sneak (level 2, 0/14 HPs)
             Began as a Spriggan Brigand on Sept 27, 2021.
             Frozen to death by an endoplasm (3 damage)
             ... on level 1 of the Dungeon.
             The game lasted 00:03:33 (1112 turns).

styxcanada the Sneak (Spriggan Brigand)             Turns: 1112, Time: 00:03:34

Health: 0/14       AC:  5    Str:  7    XL:     2   Next: 93%
Magic:  3/3        EV: 16    Int: 12    God:
Gold:   9          SH:  0    Dex: 16    Spells: 1/1 levels left

rFire    + . .     SeeInvis +   a - +2 dagger
rCold    . . .     Faith    .   (shield restricted)
rNeg     . . .     Spirit   .   b - +0 robe
rPois    .         Reflect  .   f - +2 hat
rElec    .         Harm     .   c - +0 cloak
rCorr    .         Rampage  .   (gloves unavailable)
Will     .....                  (boots unavailable)
Stlth    ++++......             (no amulet)
HPRegen  0.04/turn              k - ring of protection from fire
MPRegen  0.08/turn              (no ring)

@: very quick
A: very small, no large weapons, unfitting armour, see invisible, speed 3
a: no special abilities


You were on level 1 of the Dungeon.
You visited 1 branch of the dungeon, and saw 1 of its levels.

You collected 9 gold pieces.

Inventory:

Hand Weapons
 a - a +2 dagger (weapon)
 h - a +0 hunting sling
Missiles
 d - 6 poisoned darts (quivered)
 e - 2 curare-tipped darts
 g - 31 stones
Armour
 b - a +0 robe (worn)
 c - a +0 cloak (worn)
 f - a +2 hat (worn)
Jewellery
 k - a ring of protection from fire (left hand)
Scrolls
 i - a scroll of blinking {unknown}
 j - a scroll of vulnerability {unknown}


   Skills:
 * Level 1.6 Fighting
 + Level 2.3 Short Blades
 + Level 2.1 Throwing
 * Level 1.7 Dodging
 * Level 7.0 Stealth
 * Level 0.1 Spellcasting


You had one spell level left.
You didn't know any spells.
Your spell library contained the following spells:

 Spells                   Type           Power      Damage    Failure   Level
 Portal Projectile        Hex/Tloc       0%         N/A       69%         3
 Blade Hands              Tmut           0%         N/A       100%        5
 Excruciating Wounds      Necr           0%         N/A       100%        5


Dungeon Overview and Level Annotations

Branches:
Dungeon (1/15)

Altars:


Innate Abilities, Weirdness & Mutations

You are very small and have problems with some larger weapons.
You are too small for most types of armour.
You have supernaturally acute eyesight. (SInv)
You cover ground extremely quickly. (Speed+++)


Message History

You start resting.
HP restored.
An endoplasm and a kobold come into view.
A goblin comes into view. It is wielding a +0 dagger.
Found 3 javelins.
The goblin shouts!
The kobold throws a stone.
The stone hits you but does no damage.
The endoplasm quivers.
You hit the goblin.
You kill the goblin!
The kobold throws a stone.
The stone barely misses you.
You hit the endoplasm but do no damage. The endoplasm freezes you.
You are frozen.
You barely miss the endoplasm.
The kobold hits you with a +0 short sword.
The endoplasm misses you.
You hit the endoplasm.
The endoplasm is heavily wounded.
The kobold hits you but does no damage. The endoplasm misses you.
You hit the endoplasm.
The endoplasm is almost dead.
The kobold closely misses you. The endoplasm freezes you.
You are frozen.
* * * LOW HITPOINT WARNING * * *
The kobold throws a stone.
The stone barely misses you.
Throw: 8 darts (poison)
Press: ? - help, Q - select action, (/) - cycle Shift-Dir - straight line, f - kobold
Aim: a kobold, wielding a +0 short sword and quivering stones (53% to hit)
You throw a poisoned dart.
The poisoned dart barely misses the kobold.
Throw: 7 darts (poison)
Press: ? - help, Q - select action, (/) - cycle Shift-Dir - straight line, f/p - kobold
Aim: a kobold, wielding a +0 short sword and quivering stones (53% to hit)
You throw a poisoned dart. The poisoned dart misses the kobold.
The endoplasm jiggles.
The endoplasm freezes you.
You are frozen.
You die...

#...###.....######
##.....###.†.#
#..###...###†#
#....###.....######
#.....(###.........
#.......(###.......
#....).###.........
#.JK.###...........
#.@###.............
#.........#########
#.#..###### #...##
###.# #.# #.# #.#
#.#


You could see an endoplasm and a kobold.

Vanquished Creatures
  3 bats (D:1)
  4 endoplasms (D:1)
  3 giant cockroaches (D:1)
  2 goblins (D:1)
  2 hobgoblins (D:1)
  A ball python (D:1)
  3 frilled lizards (D:1)
  5 kobolds (D:1)
  4 rats (D:1)
27 creatures vanquished.

Notes
Turn   | Place    | Note
-------+----------+-------------------------------------------
     0 | D:1      | styxcanada the Spriggan Brigand began the quest for the
                  | Orb.
     0 | D:1      | Reached XP level 1. HP: 10/10 MP: 2/2
    50 | D:1      | Reached skill level 6 in Stealth
   310 | D:1      | Reached XP level 2. HP: 4/14 MP: 3/3
   927 | D:1      | Found a faded altar of an unknown god.
  1032 | D:1      | Reached skill level 7 in Stealth
  1112 | D:1      | Frozen to death by an endoplasm

Illustrated notes

Levels and vault maps discovered:
D:1:      dpeg_arrival_renting, layout_basic, shapermc_ecumenical_altar_pompeii,
          minmay_unequal

Skill      XL: |  1  2 |
---------------+-------+-----
Stealth        | 6 7 |  7.0
Fighting       | |  1.6
Short Blades   | |  2.3
Throwing       | |  2.1
Dodging        | |  1.7
Spellcasting   | |  0.1

Action                   || total
-------------------------++-------
Melee: Dagger            ||    59
Throw: Dart              ||     7
 Stab: Sleeping          ||     8
Armor: Robe              ||    12
Dodge: Dodged            ||    35
